AoeStats
← 9miniUzzi

Pilgrims

510259239Analyzed
2v2 RM · 2d ago on Sep 30, 2026· 45m 56s· 4 players
Game mode
Random Map
Map size
Medium (4 player)
Population
200
Speed
Normal
Resources
Standard
Victory
Conquest
Starting age
Dark Age
Ending age
Imperial Age
RankedLock teamsTeams togetherTeam positionsShared explorationLock speedFull tech treeHidden civsTurbo modeCheats
Victory
Defeat
🇨🇴 Khmer · Colombia
1062
+11
🇲🇽 Franks · Mexico
1049
+12
🇵🇪 Persians · Peru
965
-12
🇪🇸 Huns · Spain
952
-11
Ramírez0511
3:42 Loom
11:30 Feudal Age
12:43 Wheelbarrow
11:59 Double-Bit Axe
11:56 Fishing Lines
13:42 Gold Mining
18:03 Castle Age
16:31 Stone Mining
20:05 Hand Cart
21:38 Horse Collar
26:02 Town Watch
30:56 Bow Saw
37:41 Imperial Age
36:22 Bloodlines
36:13 Husbandry
38:32 Heavy Camel Rider
39:22 Scale Barding Armor
39:29 Forging
42:43 Conscription
43:26 Chemistry
42:47 Ballistics
43:34 Town Patrol
44:24 Chain Barding Armor
44:40 Iron Casting
43:55 Fletching
44:21 Masonry
MON
13:22 Feudal Age
11:38 Loom
16:39 Bloodlines
33:56 Castle Age
KYNTERO
4:53 Loom
12:34 Feudal Age
15:43 Castle Age
14:40 Stone Mining
14:41 Gold Mining
16:54 Medium Warships
17:42 Double-Bit Axe
20:11 Bloodlines
21:55 Wheelbarrow
37:28 Imperial Age
36:12 Scale Barding Armor
36:18 Forging
37:01 Husbandry
37:35 Hand Cart
37:06 Town Watch
37:35 Elite Ballista Elephant
38:39 Horse Collar
39:11 Bow Saw
40:15 Conscription
39:58 Tusk Swords
42:23 Hoardings
44:37 Chain Barding Armor
9miniUzzi
11:04 Feudal Age
11:34 Loom
17:14 Wheelbarrow
19:50 Castle Age
17:36 Double-Bit Axe
17:41 Fishing Lines
23:08 Elite Skirmisher
24:10 Husbandry
25:47 Scale Barding Armor
25:33 Fletching
31:28 Chain Barding Armor
31:20 Forging
34:11 Pikeman
34:51 Squires
35:06 Bow Saw
34:49 Gold Mining
40:18 Imperial Age
37:55 Gillnets
39:33 Hand Cart
39:06 Town Watch
40:28 Cavalier
41:26 Halberdier
44:23 Paladin
45:44 Plate Barding Armor
45:10 Scale Mail Armor
45:21 Forging
45:50 Gold Shaft Mining
45:06 Stone Mining
45:51 Caravan
Connection lost

Rejoining the realm…

Still unreachable

The connection could not be restored.

Session expired

The server has moved on; the page needs a fresh start.